 Dungeon Crawl Stone Soup version 0.30-a0-125-g51eefa89be (webtiles) character file.

Game seed: 9060812220723811889

345 SigmundSlayer the Digger (level 6, -1/41 HPs)
             Began as a Demonspawn Earth Elementalist on Sept 19, 2022.
             Was an Initiate of Gozag.
             Shot with an arrow by a centaur (3 damage)
             ... on level 4 of the Dungeon.
             The game lasted 00:04:53 (3201 turns).

SigmundSlayer the Digger (DsEE)                     Turns: 3201, Time: 00:04:54

Health: -1/41      AC:  2    Str:  8    XL:     6   Next: 32%
Magic:  1/10       EV: 11    Int: 19    God:    Gozag
Gold:   527        SH:  3    Dex: 13    Spells: 6/10 levels left

rFire   . . .      SeeInvis .    (no weapon)
rCold   . . .      Faith    .    a - +0 buckler
rNeg    . . .      Spirit   .    c - +0 robe of Proximity {rElec rPois Slay+5 Stlth-}
rPois   +          Reflect  .    (helmet unavailable)
rElec   +          Harm     .    (no cloak)
rCorr   .          Rampage  .    (no gloves)
Will    .....                    (no boots)
Stlth   +.........               (no amulet)
HPRegen 1.13/turn                (no ring)
MPRegen 0.12/turn                (no ring)

@: gold aura, very slightly contaminated
A: horns 3, powered by death 1
a: Renounce Religion, Potion Petition, Call Merchant, Bribe Branch


You were on level 4 of the Dungeon.
You worshipped Gozag.
Gozag was pleased with you.
You visited 1 branch of the dungeon, and saw 4 of its levels.

You collected 527 gold pieces.

Inventory:

Armour
 a - a +0 buckler (worn)
 c - the +0 robe of Proximity (worn) {rElec rPois Slay+5 Stlth-}
   (You found it on level 4 of the Dungeon)

   Slay:      It affects your accuracy & damage with ranged weapons and melee
   (+5).
   rElec:     It insulates you from electricity.
   rPois:     It protects you from poison.
   Stlth:     It makes you less stealthy.
Wands
 e - a wand of digging (4)
Scrolls
 d - 3 scrolls of teleportation
 f - a scroll of brand weapon
 g - 2 scrolls of enchant weapon
 h - a scroll of identify
 i - a scroll of blinking
Potions
 b - a potion of heal wounds


   Skills:
 + Level 1.7 Armour
 - Level 1.7 Dodging
 - Level 3.5 Stealth
 + Level 0.3 Shields
 + Level 2.8 Spellcasting
 - Level 0.8 Transmutations
 + Level 1.6 Ice Magic
 + Level 4.5 Earth Magic


You had 6 spell levels left.
You knew the following spells:

 Your Spells              Type           Power      Damage    Failure   Level
a - Sandblast             Erth           38%        2d10      3%          1
b - Frozen Ramparts       Ice            18%        1d3       32%         3

Your spell library contained the following spells:

 Spells                   Type           Power      Damage    Failure   Level
 Freeze                   Ice            36%        1d6       11%         1
 Passwall                 Tmut/Erth      10%        N/A       11%         2
 Slow                     Hex            8%         N/A       22%         1
 Stone Arrow              Conj/Erth      22%        3d8       26%         3
 Confusing Touch          Hex            2%         N/A       54%         3
 Vampiric Draining        Necr           2%         2d6       54%         3
 Petrify                  Tmut/Erth      12%        N/A       56%         4
 Hailstorm                Conj/Ice       5%         3d4       83%         4
 Yara's Violent Unravell  Hex/Tmut       2%         3d3       99%         5
 Enfeeble                 Hex            1%         N/A       100%        7


Dungeon Overview and Level Annotations

Branches:
Dungeon (4/15)
 Temple: D:4-7

Altars:
Gozag
Qazlal
Sif Muna
Yredelemnul


Innate Abilities, Weirdness & Mutations

You have a pair of large horns on your head.
You regenerate a little health from kills.


Message History

Aim: a centaur, wielding a +0 shortbow (moderately wounded, unaware, hasn't noticed you, 89% to hit)
The blast of sand hits the centaur!
The centaur is heavily wounded.
The centaur is no longer distracted by gold.
The centaur shouts!
The centaur shoots an arrow.
You block the arrow.
The ball python is distracted by your dazzling golden aura.
The ball python hisses angrily.
Aiming: Sandblast (safe; 3% risk of failure)
Press: ? - help, Q - select action, (/) - cycle Shift-Dir - straight line, f/p - centaur
Aim: a centaur, wielding a +0 shortbow (heavily wounded, 89% to hit)
You miscast Sandblast.
You are very lightly contaminated with residual magic.
Nothing appears to happen.
Aiming: Sandblast (safe; 3% risk of failure)
Press: ? - help, Q - select action, (/) - cycle Shift-Dir - straight line, f/p - centaur
Aim: a centaur, wielding a +0 shortbow (heavily wounded, 89% to hit)
The blast of sand hits the ball python!
You kill the ball python!
The centaur shoots an arrow.
The arrow hits you!
* * * LOW HITPOINT WARNING * * *
The centaur shoots an arrow.
The arrow hits you.
* * * LOW HITPOINT WARNING * * *
Aiming: Sandblast (safe; 3% risk of failure)
Press: ? - help, Q - select action, (/) - cycle Shift-Dir - straight line, f/p - centaur
Aim: a centaur, wielding a +0 shortbow (heavily wounded, 89% to hit)
The blast of sand hits the adder.
The adder is severely wounded.
The adder misses you. You block the adder's attack.
Aiming: Sandblast (safe; 3% risk of failure)
Press: ? - help, Q - select action, (/) - cycle Shift-Dir - straight line, f/p - centaur
Aim: a centaur, wielding a +0 shortbow (heavily wounded, 89% to hit)
The blast of sand hits the adder!
You kill the adder!
The centaur shoots an arrow.
The arrow hits you!
* * * LOW HITPOINT WARNING * * *
The centaur shoots an arrow.
The arrow closely misses you.
The centaur shoots an arrow.
The arrow hits you.
You die...
Your body crumbles into a pile of gold.

#.........# #[..<.
#.8..8..8.# #.####
#.........#.###....#
##'##+##+##........#
##..# ######...#
###.## ##.## #..#.##
#.# ##.#..# #.#
##@##+ #.# ##$c....#
#.# ......# #.#
......# #####.##
###...###....... $
...##........
..##..#.#.#.
###........
##....#.#.


You could see a centaur.

Vanquished Creatures
  A kobold brigand (D:4)
  An orc priest (D:4)
  2 hounds (D:4)
  An orc wizard (D:4)
  An iguana (D:4)
  3 adders
  A white imp (D:3)
  3 worms
  3 dart slugs
  5 orcs (D:4)
  10 ball pythons
  9 endoplasms
  3 giant cockroaches
  9 goblins
  9 hobgoblins
  7 jackals
  5 kobolds
  4 quokkas
  6 bats
  5 frilled lizards
  3 rats
91 creatures vanquished.

Notes
Turn   | Place    | Note
-------+----------+-------------------------------------------
     0 | D:1      | SigmundSlayer the Demonspawn Earth Elementalist began the
                  | quest for the Orb.
     0 | D:1      | Reached XP level 1. HP: 13/13 MP: 3/3
   216 | D:1      | Reached skill level 3 in Earth Magic
   256 | D:1      | Gained mutation: You have a pair of small horns on your
                  | head. [demonic ancestry]
   256 | D:1      | Reached XP level 2. HP: 19/19 MP: 0/5
   620 | D:1      | Reached XP level 3. HP: 24/24 MP: 1/6
  1150 | D:1      | Found a faded altar of an unknown god.
  1168 | D:1      | Prayed at the altar of an unknown god.
  1168 | D:1      | Became a worshipper of Gozag Ym Sagoz the Greedy
  1393 | D:2      | Gained mutation: You regenerate a little health from kills.
                  | [demonic ancestry]
  1393 | D:2      | Reached XP level 4. HP: 30/30 MP: 5/7
  1798 | D:3      | Found a stormy altar of Qazlal.
  2124 | D:3      | Found an opulent altar of Gozag.
  2140 | D:3      | Reached skill level 4 in Earth Magic
  2238 | D:3      | Learned a level 3 spell: Frozen Ramparts
  2561 | D:4      | Noticed a kobold brigand
  2572 | D:4      | Killed a kobold brigand
  2573 | D:4      | Reached skill level 1 in Armour
  2573 | D:4      | Gained mutation: You have a pair of horns on your head.
                  | [demonic ancestry]
  2573 | D:4      | Reached XP level 5. HP: 18/35 MP: 4/8
  2625 | D:4      | Reached skill level 1 in Ice Magic
  2767 | D:4      | Found a shimmering blue altar of Sif Muna.
  2808 | D:4      | Gained mutation: You have a pair of large horns on your
                  | head. [demonic ancestry]
  2808 | D:4      | Reached XP level 6. HP: 35/41 MP: 4/9
  2923 | D:4      | Found a basalt altar of Yredelemnul.
  2984 | D:4      | Identified the +2 ring mail "Leconoaph" {Str+4}
  3055 | D:4      | Identified the +0 robe of Proximity {rElec rPois Slay+5
                  | Stlth-}
  3201 | D:4      | HP: 2/41 [centaur/arrow (9)]
  3201 | D:4      | Shot with an arrow by a centaur

Illustrated notes

Levels and vault maps discovered:
D:1:      psy_arrival_spokes, layout_loops_ring,
          hellmonk_ecumenical_altar_heavens_door, nrook_campfire
D:2:      layout_rooms
D:3:      layout_rooms, grunt_qazlal_clouds, mainiacjoe_overflow_catwalk
D:4:      minmay_chambers_of_threes, layout_loops_ring,
          mainiacjoe_overflow_paths, amcnicky_altar_gilded

Skill      XL: |  1  2  3  4  5 |
---------------+----------------+-----
Stealth        | 2 3 |  3.5
Earth Magic    | 3 4 |  4.5
Armour         | 1 |  1.7
Ice Magic      | 1 |  1.6
Dodging        | |  1.7
Shields        | |  0.3
Spellcasting   | |  2.8
Transmutations | |  0.8

Action                   |  1- 3 |  4- 6 || total
-------------------------+-------+-------++-------
Melee: Unarmed           |    35 |    10 ||    45
       Headbutt          |     7 |     1 ||     8
       Punch             |     1 |       ||     1
 Cast: Sandblast         |    60 |    80 ||   140
  Use: Potion            |     3 |     3 ||     6
       Scroll            |       |     5 ||     5
Armor: Ring mail         |    26 |    15 ||    41
       Robe              |       |     1 ||     1
Dodge: Dodged            |    42 |    19 ||    61
Block: Buckler           |       |     8 ||     8

Table legend: (Time is in decaauts)
 A = Elapsed time spent in this place.
 B = Non-inter-level travel time spent in this place.
 C = Inter-level travel time spent in this place.
 D = Time resting spent in this place.
 E = Time spent auto-exploring this place.
 F = Levels seen in this place.
 G = Mean time per level.
                   A        B        C        D        E       F      G
               +--------+--------+--------+--------+--------+-----+--------+
         Total |   3270 |   3194 |     76 |    476 |   2104 |   4 |  817.5 |
       Dungeon |   3270 |   3194 |     76 |    476 |   2104 |   4 |  817.5 |
               +--------+--------+--------+--------+--------+-----+--------+

Top non-repeatable levels by time:
     D:1: 1209 daAuts
     D:4: 729 daAuts
     D:3: 709 daAuts
     D:2: 622 daAuts
